 Dungeon Crawl Stone Soup version 0.28-a0-1347-g113dc556a4 (webtiles) character file.

Game seed: 15746943828314605682

2683 miscthings the Ruffian (level 9, -10/71 HPs)
             Began as a Demigod Transmuter on Dec 30, 2021.
             Mangled by Duvessa (15 damage)
             ... on level 7 of the Dungeon.
             The game lasted 00:17:26 (7411 turns).

miscthings the Ruffian (Demigod Transmuter)         Turns: 7411, Time: 00:17:26

Health: -10/71     AC: 12    Str: 23    XL:     9   Next: 15%
Magic:  18/18      EV: 13    Int: 15    God:
Gold:   376        SH:  0    Dex: 18    Spells: 6/16 levels left

rFire   + . .      SeeInvis +     - Unarmed
rCold   . . .      Faith    .   (no shield)
rNeg    . . .      Spirit   .   h - +0 ring mail
rPois   .          Reflect  .   D - +0 helmet
rElec   .          Harm     .   (no cloak)
rCorr   .          Rampage  .   G - +2 pair of gloves
Will    .....                   x - +0 pair of boots of Cowardice {rF+ Str+4}
Stlth   +.........              (no amulet)
HPRegen 0.21/turn               g - +4 ring of protection
MPRegen 0.16/turn               F - ring of see invisible

@: lethally poisoned (-10 -> -16)
A: high mp 1, forlorn, divine attributes, fangs 1, deformed body, deterioration
1
a: no special abilities


You were on level 7 of the Dungeon.
You visited 1 branch of the dungeon, and saw 7 of its levels.
You also visited: Sewer.

You collected 889 gold pieces.
You spent 513 gold pieces at shops.

Inventory:

Missiles
 o - 19 poisoned darts (quivered)
Armour
 h - a +0 ring mail (worn)
 q - a +0 scale mail
 x - the +0 pair of boots of Cowardice (worn) {rF+ Str+4}
   (You acquired it on level 5 of the Dungeon)

   Str:       It affects your strength (+4).
   rF:        It protects you from fire.
 C - a +0 chain mail
 D - a +0 helmet (worn)
 G - a +2 pair of gloves (worn)
Jewellery
 g - a +4 ring of protection (left hand)
 F - a ring of see invisible (right hand)
Wands
 d - a wand of iceblast (4)
 f - a wand of flame (8)
 s - a wand of charming (7)
 B - a wand of digging (5)
Scrolls
 b - 3 scrolls of fog
 i - a scroll of enchant weapon {unknown}
 k - 2 scrolls of magic mapping {unknown}
 m - a scroll of teleportation
 p - 2 scrolls of immolation {unknown}
 v - a scroll of fear
 y - a scroll of summoning {unknown}
 A - 3 scrolls of blinking {unknown}
 I - 2 scrolls of amnesia {unknown}
 K - a scroll of vulnerability {unknown}
Potions
 a - a potion of lignification {unknown}
 c - a potion of attraction
 e - a potion of invisibility {unknown}
 j - 2 potions of mutation
 l - 2 potions of cancellation
 n - 3 potions of brilliance
 r - a potion of ambrosia
 t - a potion of heal wounds
 u - 2 potions of magic
 w - a potion of haste {unknown}
 z - a potion of flight {unknown}
 E - 2 potions of might {unknown}
 H - a potion of curing
 J - a potion of berserk rage {unknown}


   Skills:
 + Level 4.1 Fighting
 - Level 4.0 Throwing
 + Level 3.4 Armour
 + Level 4.4 Dodging
 + Level 4.9 Unarmed Combat
 + Level 4.1 Spellcasting
 + Level 4.4 Transmutations
 + Level 2.8 Ice Magic
 + Level 2.9 Poison Magic


You had 6 spell levels left.
You knew the following spells:

 Your Spells              Type           Power      Damage    Failure   Level
a - Beastly Appendage     Tmut           32%        N/A       4%          1
b - Spider Form           Tmut/Pois      14%        N/A       19%         3
c - Ice Form              Ice/Tmut       14%        N/A       52%         4
d - Wereblood             Tmut           16%        N/A       7%          2

Your spell library contained the following spells:

 Spells                   Type           Power      Damage    Failure   Level
 Sting                    Tmut/Pois      56%        1d5       6%          1
 Poisonous Vapours        Pois/Air       14%        N/A       24%         2
 Frozen Ramparts          Ice            22%        1d4       26%         3
 Summon Ice Beast         Ice/Summ       7%         N/A       83%         4
 Alistair's Intoxication  Tmut/Pois      9%         N/A       86%         5


Dungeon Overview and Level Annotations

Branches:
Dungeon (7/15)             Temple (0/1) D:5           Sewer (visited)

Shops:
D:2 =   D:6 [**?

Annotations:
D:7 1 runed translucent door, Crazy Yiuf, Duvessa


Innate Abilities, Weirdness & Mutations

You have an increased reservoir of magic. (+10% MP)
You shall have no god before yourself.
Your divine heritage dramatically boosts your attributes as you level up.
You have very sharp teeth.
Armour fits poorly on your strangely shaped body.
Your body sometimes deteriorates upon taking damage.


Message History

You hear a shout! x2
Duvessa shouts!
Things that are here:
a +0 trident; a +0 chain mail Throw: 19 darts (poison)
Press: ? - help, Q - select action, (/) - cycle Shift-Dir - straight line, f - Duvessa
Aim: Duvessa, wielding a +2 short sword of venom, wearing a +0 leather armour of cold resistance and quivering stones (lightly wounded, berserk, 69% to hit)
Okay, then.
Items here: )) [ ††.
Things that are here:
a +0 flail; a +0 leather armour; an orc corpse
There is a stone staircase leading up here.
Duvessa hits you with a +2 short sword of venom.
You are poisoned.
You feel very sick.
You feel sick. Duvessa barely misses you.
You feel sick.
You feel sick. Duvessa hits you but does no damage.
You feel sick.
You feel much better.
You feel sick.
Duvessa hits you with a +2 short sword of venom!
You are more poisoned.
Duvessa barely misses you.
You feel very sick.
You feel very sick.
Duvessa hits you with a +2 short sword of venom!
* * * LOW HITPOINT WARNING * * *
You are lethally poisoned!
* * * LOW HITPOINT WARNING * * *
You feel extremely sick.
You feel better. Duvessa barely misses you.
Duvessa hits you with a +2 short sword of venom!
* * * LOW HITPOINT WARNING * * *
You are lethally poisoned!
* * * LOW HITPOINT WARNING * * *
You feel very sick.
* * * LOW HITPOINT WARNING * * *
You feel sick.
Duvessa hits you with a +2 short sword of venom!
You die...

.'...†).#... #.#
.######'#.####
#.# .##.......#..
#.# ###.......#.#
#.# #..>?...#.#
#.# #.........###
#.# ####.........
#.#
#.....#########.#
#.....'....@e...#
#.....###########
######..(..#
..........##
..#.......#
..##......#
...#....(.#
...#.##'###
..##.##'#


You could see Duvessa (berserk).

Vanquished Creatures
  Prince Ribbit (D:5)
  A hornet (D:7)
  Eustachio (D:4)
  4 vampire mosquitoes (D:6)
  Edmund (D:5)
  A sky beast (D:6)
  A black bear (D:6)
  An ogre (D:4)
  2 necrophages
  A centaur (D:7)
  A kobold brigand (D:6)
  A scorpion (D:6)
  Dowan (D:7)
  A water moccasin skeleton (D:4)
  A howler monkey (D:5)
  2 centaur zombies
  2 hounds (D:4)
  6 jellies
  A centaur skeleton (D:5)
  A bullfrog skeleton (D:6)
  Jessica (D:2)
  Ijyb (D:3)
  2 orc wizards
  2 howler monkey zombies (D:7)
  6 adders
  A river rat (Sewer)
  A white imp (D:7)
  An adder skeleton (D:4)
  3 worms
  3 dart slugs
  8 orcs
  5 bats
  16 endoplasms
  6 giant cockroaches
  5 hobgoblins
  6 jackals (D:1)
  A quokka (D:2)
  12 ball pythons
  8 frilled lizards
  7 goblins
  13 kobolds
  9 rats
148 creatures vanquished.

Vanquished Creatures (collateral kills)
  An orc priest (D:7)
  An orc wizard (D:7)
  An orc (D:7)
3 creatures vanquished.

Vanquished Creatures (others)
  An orc warrior (D:7)
  3 fungi (D:3)
  A plant (D:3)
  A withered plant (D:3)
6 creatures vanquished.

Grand Total: 157 creatures vanquished

Notes
Turn   | Place    | Note
-------+----------+-------------------------------------------
     0 | D:1      | miscthings the Demigod Transmuter began the quest for the
                  | Orb.
     0 | D:1      | Reached XP level 1. HP: 15/15 MP: 5/5
    54 | D:1      | Reached skill level 1 in Fighting
   342 | D:1      | Reached XP level 2. HP: 22/23 MP: 5/7
  1064 | D:2      | Reached XP level 3. HP: 27/28 MP: 6/8
  1271 | D:2      | Learned a level 3 spell: Spider Form
  1362 | D:2      | Found Jixt's Jewellery Emporium.
  1487 | D:2      | Noticed Jessica
  1498 | D:2      | Killed Jessica
  1499 | D:2      | Reached XP level 4. HP: 15/36 MP: 10/10
  1920 | D:3      | Noticed Ijyb
  1944 | D:3      | Killed Ijyb
  1945 | D:3      | Reached skill level 1 in Throwing
  2555 | D:4      | Found a glowing drain.
  2575 | Sewer    | Entered a sewer
  2606 | Sewer    | Reached XP level 5. HP: 41/41 MP: 9/11
  3142 | Sewer    | Reached XP level 6. HP: 46/48 MP: 10/12
  3229 | D:4      | Gained mutation: You are clumsy. (Dex -2) [potion of
                  | mutation]
  3229 | D:4      | Gained mutation: Your body sometimes deteriorates upon
                  | taking damage. [potion of mutation]
  3229 | D:4      | Gained mutation: Your muscles are strong. (Str +2) [potion
                  | of mutation]
  3233 | D:4      | Lost mutation: You are clumsy. (Dex -2) [potion of
                  | mutation]
  3233 | D:4      | Lost mutation: Your muscles are strong. (Str +2) [potion of
                  | mutation]
  3233 | D:4      | Lost mutation: Your body sometimes deteriorates upon taking
                  | damage. [potion of mutation]
  3233 | D:4      | Gained mutation: Armour fits poorly on your strangely
                  | shaped body. [potion of mutation]
  3233 | D:4      | Gained mutation: Your body sometimes deteriorates upon
                  | taking damage. [potion of mutation]
  3233 | D:4      | Gained mutation: You have very sharp teeth. [potion of
                  | mutation]
  3559 | D:4      | Reached skill level 1 in Armour
  3724 | D:4      | Reached XP level 7. HP: 51/56 MP: 12/14
  4158 | D:5      | Entered Level 5 of the Dungeon
  4214 | D:5      | Identified 2 scrolls of acquirement
  4214 | D:5      | Acquired 637 gold pieces
  4216 | D:5      | Acquired the +0 pair of boots of Cowardice {rF+ Str+4}
  4339 | D:5      | Noticed Edmund
  4367 | D:5      | Killed Edmund
  4664 | D:5      | Learned a level 4 spell: Ice Form
  4737 | D:5      | Found a staircase to the Ecumenical Temple.
  4831 | D:5      | Noticed Prince Ribbit
  4852 | D:5      | Killed Prince Ribbit
  5170 | D:5      | Noticed Eustachio
  5215 | D:4      | Killed Eustachio
  5216 | D:4      | Reached skill level 1 in Ice Magic
  5216 | D:4      | Reached skill level 1 in Poison Magic
  5714 | D:6      | Found Bicyes's Antique Armour Shoppe.
  5721 | D:6      | Reached XP level 8. HP: 52/63 MP: 16/16
  5723 | D:6      | Bought a pair of runed gloves for 255 gold pieces
  5840 | D:6      | Learned a level 2 spell: Wereblood
  5849 | D:6      | Found Esuenadi's Magic Scroll Boutique.
  5860 | D:6      | Bought a scroll of noise for 15 gold pieces
  5860 | D:6      | Bought a scroll of fog for 30 gold pieces
  5860 | D:6      | Bought a scroll of teleportation for 45 gold pieces
  6323 | D:6      | Found Ufisath's General Store.
  6421 | D:6      | Found Siliuhi's Assorted Antiques.
  6431 | D:6      | Bought a glowing lead wand for 116 gold pieces
  6431 | D:6      | Bought 2 puce potions for 52 gold pieces
  6601 | D:6      | Got Qoargh's Compendium of Envenoming
  6913 | D:7      | Noticed a hornet
  6923 | D:7      | Killed a hornet
  6924 | D:7      | Reached XP level 9. HP: 71/71 MP: 18/18
  7043 | D:7      | Found a runed translucent door.
  7044 | D:7      | Noticed Crazy Yiuf
  7073 | D:7      | Noticed Dowan
  7097 | D:7      | Killed Dowan
  7333 | D:7      | Noticed Duvessa
  7411 | D:7      | Mangled by Duvessa

Illustrated notes

Levels and vault maps discovered:
D:1:      dpeg_arrival_rooms_with_view, layout_basic
D:2:      layout_basic, serial_shops, shop, kennysheep_jessica_study,
          uniq_jessica
D:3:      layout_rooms, shapermc_ecumenical_altar_gd, uniq_ijyb
D:4:      minmay_recursive_quarters, layout_loops_corners,
          cheibrodos_sewer_entry_drain
D:5:      layout_basic, kennysheep_little_box, minmay_temple_entry_mist,
          uniq_eustachio, uniq_edmund, uniq_prince_ribbit1
D:6:      layout_loops_corners, serial_shops, shop, nicolae_shop_trees,
          nicolae_shop_competitors_out_of_business, nicolae_stop_n_shop_2,
          serial_rivers, chequers_serial_rivers_micro_b,
          chequers_serial_rivers_micro_d, chequers_serial_rivers_micro_a,
          chequers_serial_rivers_micro_e
D:7:      layout_basic, ebering_ghost_reflecting_pool,
          eino_small_chamber_without_monster, uniq_duvessa,
          uniq_crazy_yiuf_cottage

Skill      XL: |  1  2  3  4  5  6  7  8  9 |
---------------+----------------------------+-----
Fighting       | 1 2 3 4 |  4.1
Dodging        | 2 3 4 |  4.4
Transmutations | 2 3 4 |  4.4
Spellcasting   | 2 3 4 |  4.1
Unarmed Combat | 3 4 |  4.9
Throwing       | 2 4 |  4.0
Armour         | 1 2 3 |  3.4
Ice Magic      | 1 2 |  2.8
Poison Magic   | 1 2 |  2.9

Action                   |  1- 3 |  4- 6 |  7- 9 || total
-------------------------+-------+-------+-------++-------
Melee: Unarmed           |   103 |   211 |   172 ||   486
       Headbutt          |    14 |    36 |    27 ||    77
       Kick              |    19 |    50 |    49 ||   118
       Punch             |     2 |     3 |     6 ||    11
       Bite              |       |     5 |    21 ||    26
Throw: Dart              |       |    17 |    29 ||    46
 Cast: Beastly Appendage |    19 |    28 |    14 ||    61
       Spider Form       |       |       |     2 ||     2
       Wereblood         |       |       |     2 ||     2
 Abil: End Transformatio |       |       |     1 ||     1
Evoke: Wand              |       |     3 |     5 ||     8
  Use: Scroll            |       |     5 |     6 ||    11
       Potion            |       |     2 |     3 ||     5
 Stab: Sleeping          |     1 |       |       ||     1
Armor: Robe              |    21 |       |       ||    21
       Ring mail         |    21 |    95 |    81 ||   197
       Scale mail        |       |     3 |       ||     3
Dodge: Dodged            |    59 |   107 |   130 ||   296

Table legend: (Time is in decaauts)
 A = Elapsed time spent in this place.
 B = Non-inter-level travel time spent in this place.
 C = Inter-level travel time spent in this place.
 D = Time resting spent in this place.
 E = Time spent auto-exploring this place.
 F = Levels seen in this place.
 G = Mean time per level.
                   A        B        C        D        E       F      G
               +--------+--------+--------+--------+--------+-----+--------+
         Total |   7423 |   7173 |    250 |   1873 |   3714 |   8 |  927.9 |
       Dungeon |   6747 |   6497 |    250 |   1559 |   3625 |   7 |  963.9 |
         Sewer |    676 |    676 |      0 |    314 |     88 |   1 |  676.0 |
               +--------+--------+--------+--------+--------+-----+--------+

Top non-repeatable levels by time:
     D:4: 1373 daAuts
     D:5: 1292 daAuts
     D:6: 1149 daAuts
     D:1: 991 daAuts
     D:2: 868 daAuts
   Sewer: 676 daAuts
     D:3: 537 daAuts
     D:7: 534 daAuts
